 Dungeon Crawl Stone Soup version 0.17-a0-1939-ga475588 (webtiles) character file.

1136 brucemayne the Cleaver (level 8, -24/87 HPs)
             Began as a Demonspawn Berserker on Sept 29, 2015.
             Was a Believer of Trog.
             Annihilated by a hill giant
             ... wielding a +0 giant club
              (30 damage)
             ... on level 10 of the Dungeon.
             The game lasted 00:12:25 (2071 turns).

brucemayne the Cleaver (Demonspawn Berserker)       Turns: 2071, Time: 00:12:26

Health: -24/87     AC:  8    Str: 21 (25) XL:     8   Next: 14%
Magic:  8/8        EV:  6    Int:  8      God:    Trog [**....]
Gold:   259        SH:  0    Dex: 11      Spells: 0 memorised, 7 levels left

rFire  + . .     SeeInvis .     a - +0 hand axe
rCold  . . .     Clarity  .     f - +1 plate armour
rNeg   . . .     SustAt   .     (no shield)
rPois  .         Gourm    .     (helmet restricted)
rElec  .         Spirit   .     h - +0 cloak
rCorr  .         Warding  .     (no gloves)
rMut   .         Stasis   .     i - +0 pair of boots
MR     .....                    (no amulet)
Stlth  ..........               (no ring)
                                (no ring)

@: berserking, very quick, not resistant to hostile enchantments, extremely
unstealthy
A: antennae 1, clumsy 1, deformed body, deterioration 1, fire resistance 1, spit
poison 1
a: Spit Poison, Burn Spellbooks, Berserk, Trog's Hand, Renounce Religion


You were on level 10 of the Dungeon.
You worshipped Trog.
Trog was pleased with you.
You were not hungry.

You visited 1 branch of the dungeon, and saw 10 of its levels.

You collected 259 gold pieces.

Inventory:

Hand weapons
 a - a +0 hand axe (weapon)
Armour
 b - a +0 animal skin
 e - a +0 ring mail
 f - a +1 plate armour (worn)
 g - a +0 chain mail
 h - a +0 cloak (worn)
 i - a +0 pair of boots (worn)
Magical devices
 k - a wand of teleportation (0)
Scrolls
 l - a scroll of identify
 m - a scroll of remove curse
 q - 2 scrolls of noise
 s - a scroll of amnesia
Potions
 d - a potion of curing
Comestibles
 c - 2 bread rations
 j - a slice of pizza
 n - 2 chunks of flesh


   Skills:
 - Level 3.0 Fighting
 + Level 9.3 Axes
 - Level 1.7 Armour
 - Level 1.7 Dodging


You had 7 spell levels left.
You didn't know any spells.

Dungeon Overview and Level Annotations

Branches:
Dungeon (10/15)
 Temple: D:4-7         Lair: D:8-11         Orc: D:9-12

Altars:
Cheibriados
Dithmenos
Nemelex Xobeh

Annotations:
D:6 exclusion: downstairs


Innate Abilities, Weirdness & Mutations

You have a pair of small antennae on your head.
Your flesh is heat resistant.
You are clumsy. (Dex -2)
Armour fits poorly on your strangely shaped body.
Your body sometimes deteriorates upon taking damage.
You can spit weak poison.


Message History

You slash the hill giant!
The hill giant is moderately wounded.
You slash the hill giant!
The hill giant is heavily wounded.
The hill giant hits you with a giant club!
Your body deteriorates!
You feel weakened.
You slash the hill giant!
The hill giant is heavily wounded.
You hit the hill giant but do no damage.
The hill giant is heavily wounded.
Your plate armour prevents you from hitting the hill giant.
The hill giant is heavily wounded.
The hill giant hits you with a giant club!!!
* * * LOW HITPOINT WARNING * * *
You hit the hill giant.
The hill giant is severely wounded.
You slash the hill giant!
The hill giant is almost dead.
The hill giant hits you with a giant club!!
You die...

###+#######
#.........#
#.........#
#.........+
+....@....#
#....C..<.#
#.........#
#.........#
#.........#
#.........#
###'#######
#....#
####.#


You could see a hill giant.

Vanquished Creatures
  An orc warrior (D:6)
  A sky beast (D:8)
  A phantom (D:3)
  An ogre (D:9)
  A centaur (D:5)
  3 giant frogs
  A killer bee (D:8)
  The ghost of brucemayne the Chopper, a weakling DsBe of Trog (D:5)
  A crimson imp (D:9)
  2 giant frog zombies
  A jelly (D:8)
  2 hounds
  2 worker ants
  3 orc wizards
  A hound skeleton (D:7)
  5 adders
  2 oozes (D:2)
  4 giant geckos
  10 orcs
  2 ball pythons
  3 bats
  3 goblins
  5 hobgoblins
  7 jackals
  3 kobolds
  3 giant newts
  2 quokkas
71 creatures vanquished.

Notes
Turn   | Place    | Note
--------------------------------------------------------------
     0 | D:1      | brucemayne the Demonspawn Berserker began the quest for the Orb.
     0 | D:1      | Reached XP level 1. HP: 18/18 MP: 1/1
    27 | D:1      | Gained mutation: You have a pair of small antennae on your head. [demonic ancestry]
    27 | D:1      | Reached XP level 2. HP: 22/24 MP: 2/2
   320 | D:2      | Acquired Trog's second power
   371 | D:3      | Noticed a phantom
   376 | D:3      | Reached XP level 3. HP: 29/29 MP: 3/3
   474 | D:3      | Killed a phantom
   474 | D:3      | Reached skill level 5 in Axes
   474 | D:3      | Reached XP level 4. HP: 14/35 MP: 4/4
   475 | D:3      | Reached XP level 5. HP: 16/41 MP: 5/5
   725 | D:3      | Found a snail-covered altar of Cheibriados.
   742 | D:3      | Found a sparkling altar of Nemelex Xobeh.
   845 | D:5      | Entered Level 5 of the Dungeon
   904 | D:5      | Noticed a centaur
   912 | D:5      | Killed a centaur
   912 | D:5      | Reached skill level 6 in Axes
   912 | D:5      | Gained mutation: Your flesh is heat resistant. [demonic ancestry]
   912 | D:5      | Reached XP level 6. HP: 28/47 MP: 6/6
   980 | D:5      | Found a shadowy altar of Dithmenos.
  1000 | D:5      | Noticed brucemayne's ghost (weakling DsBe)
  1029 | D:5      | Killed brucemayne's ghost
  1264 | D:6      | Reached skill level 7 in Axes
  1326 | D:7      | Noticed a hungry ghost
  1375 | D:6      | Reached XP level 7. HP: 41/52 MP: 7/7
  1489 | D:5      | Reached skill level 8 in Axes
  1779 | D:8      | Gained mutation: Your mind is acute. (Int +2) [potion of mutation]
  1779 | D:8      | Gained mutation: Armour fits poorly on your strangely shaped body. [potion of mutation]
  1779 | D:8      | Gained mutation: Your body sometimes deteriorates upon taking damage. [potion of mutation]
  1780 | D:8      | Gained mutation: You can spit weak poison. [mutagenic meat]
  1781 | D:8      | Gained mutation: You are clumsy. (Dex -2) [mutagenic meat]
  1782 | D:8      | Lost mutation: Your mind is acute. (Int +2) [mutagenic meat]
  1853 | D:9      | Reached skill level 9 in Axes
  1853 | D:9      | Reached XP level 8. HP: 37/58 MP: 8/8
  2022 | D:10     | Entered Level 10 of the Dungeon
  2048 | D:10     | Noticed a hill giant
  2071 | D:10     | Annihilated by a hill giant

Vault maps used:
D:1:      moated_graveyard_arrival
D:2:      uniq_jessica, uniq_terence
D:3:      cheibriados_altar_1, nemelex_lonely_heart_becter
D:4:      minivault_4, grunt_tough_drop
D:5:      vehumet_statue, nicolae_dithmenos_through_a_glass_darkly, first_bread
D:6:      lemuel_doored_altar
D:7:      nicolae_ru_great_annihilating_truth,
          minmay_temple_entry_enclosed_plants, uniq_duvessa
D:8:      grunt_temple_overflow_order_and_chaos_2, roderic_serpentine_path,
          grunt_livestock
D:9:      dpeg_lair_monsters

Action                   |  1- 3 |  4- 6 |  7- 9 || total
-------------------------+-------+-------+-------++-------
Melee: Hand axe          |    53 |   131 |   115 ||   299
Invok: Berserk           |     4 |     4 |     4 ||    12
       Trog's Hand       |       |     4 |     3 ||     7
Evoke: Wand              |       |       |     1 ||     1
  Use: Scroll            |       |       |    11 ||    11
       Potion            |       |       |     7 ||     7
  Eat: Chunk             |     2 |     7 |    12 ||    21
       Bread ration      |       |       |     1 ||     1
       Meat ration       |       |       |     1 ||     1
